 Dungeon Sprint DCSS version 0.29-a0-559-g359e09b9d1 (webtiles) character file.

Game seed: 1560467989663316464

25 Strat the Covered (level 2, -1/26 HPs)
             Began as a Minotaur Artificer on June 10, 2022.
             Slain by an ogre
             ... wielding a +0 giant club
              (27 damage)
             ... in the Dungeon (Sprint I: "Red Sonja").
             The game lasted 00:00:43 (242 turns).

Strat the Covered (Minotaur Artificer)               Turns: 242, Time: 00:00:43

Health: -1/26      AC:  7    Str: 16    XL:     2   Next: 82%
Magic:  1/1        EV: 10    Int:  8    God:
Gold:   0          SH:  0    Dex: 10    Spells: 1/1 levels left

rFire   . . .      SeeInvis .   a - +0 club
rCold   . . .      Faith    .   (no shield)
rNeg    . . .      Spirit   .   l - +0 scale mail
rPois   .          Reflect  .   (helmet restricted)
rElec   .          Harm     .   (no cloak)
rCorr   .          Rampage  .   (no gloves)
Will    .....      NoTele   +   (no boots)
Stlth   ..........              (no amulet)
HPRegen 0.08/turn               (no ring)
MPRegen 0.07/turn               (no ring)

@: no status effects
A: horns 2, retaliatory headbutt
a: no special abilities


You were in the Dungeon.
You visited 1 branch

Inventory:

Hand Weapons
 a - a +0 club (weapon)
Armour
 b - a +0 leather armour
 l - a +0 scale mail (worn)
Wands
 c - a wand of flame (14) (quivered)
 d - a wand of charming (15)
 e - a wand of iceblast (10)
Scrolls
 k - a scroll of blinking
Potions
 f - a potion of curing
 g - a potion of heal wounds
 h - a potion of haste
 i - 2 potions of magic
 j - a potion of berserk rage


   Skills:
 + Level 3.1 Fighting
 + Level 0.0 Maces & Flails
 - Level 3.8 Armour
 - Level 2.8 Dodging
 - Level 2.3 Stealth
 - Level 3.5 Evocations


You had one spell level left.
You didn't know any spells.
Your spell library was empty.

Dungeon Overview and Level Annotations

Branches:
Dungeon (1/1)

Altars:


Innate Abilities, Weirdness & Mutations

You have a pair of horns on your head.
You reflexively headbutt those who attack you in melee.


Message History

Aim: Ijyb, wielding a +0 dagger, wearing a +0 scale mail and carrying a wand of iceblast (3)
The mass of ice explodes!
The iceblast engulfs Ijyb!
Ijyb is heavily wounded.
Aiming: Iceblast
Press: ? - help, Shift-Dir - straight line, f/p - Ijyb
Aim: Ijyb, wielding a +0 dagger, wearing a +0 scale mail and carrying a wand of iceblast (3) (heavily wounded)
The mass of ice explodes!
The iceblast engulfs Ijyb!
You kill Ijyb!
Your Fighting skill gained 2 levels and is now at level 3!
Your Armour skill increases to level 3!
Your Dodging skill increases to level 2!
Your Stealth skill gained 2 levels and is now at level 2!
Your Evocations skill increases to level 3!
You have reached level 2!
You start resting.
HP restored.
e - a wand of iceblast (10) (gained 3 charges)
There is an open door here.
Things that are here:
a +0 dagger; a +0 scale mail; the goblin skeleton of Ijyb
l - a +0 scale mail You start removing your armour.
You continue taking off your +0 leather armour. x4
You finish taking off your +0 leather armour.
You start putting on your armour.
You continue putting on your +0 scale mail. x5
You finish putting on your +0 scale mail.
You open the door.
An ogre comes into view. It is wielding a +0 giant club.
The ogre shouts!
Aiming: Throw Flame
Press: ? - help, Shift-Dir - straight line, f - ogre
Aim: an ogre, wielding a +0 giant club (86% to hit)
The puff of flame hits the ogre.
The ogre is moderately wounded.
You hit the ogre.
The ogre is moderately wounded.
The ogre hits you with a +0 giant club!!
Ouch! That really hurt!
You die...

##########
#<.#.@O..#
#..)..#..+
#..#### +#
#..# #..#
#..# #⌠⌠#
####


You could see an ogre.

Vanquished Creatures
  Ijyb (D)
1 creature vanquished.

Notes
Turn   | Place    | Note
-------+----------+-------------------------------------------
     0 | D        | Strat the Minotaur Artificer began the quest for the Orb.
     0 | D        | Reached XP level 1. HP: 16/16 MP: 0/0
     3 | D        | Noticed Ijyb
     6 | D        | Killed Ijyb
     7 | D        | Reached XP level 2. HP: 8/26 MP: 1/1
   240 | D        | Noticed an ogre
   242 | D        | Slain by an ogre

Illustrated notes

Levels and vault maps discovered:
D:        dungeon_sprint_1 [red_sonja_temple_1, red_sonja_temple_small_1]

Skill      XL: |  1 |
---------------+----+-----
Fighting       | 3 |  3.1
Armour         | 3 |  3.8
Dodging        | 2 |  2.8
Stealth        | 2 |  2.3
Evocations     | 3 |  3.5

Action                   || total
-------------------------++-------
Melee: Club              ||     1
Evoke: Wand              ||     3

Table legend: (Time is in decaauts)
 A = Elapsed time spent in this place.
 B = Non-inter-level travel time spent in this place.
 C = Inter-level travel time spent in this place.
 D = Time resting spent in this place.
 E = Time spent auto-exploring this place.
 F = Levels seen in this place.
 G = Mean time per level.
                   A        B        C        D        E       F      G
               +--------+--------+--------+--------+--------+-----+--------+
         Total |    242 |    242 |      0 |    217 |      0 |   1 |  242.0 |
       Dungeon |    242 |    242 |      0 |    217 |      0 |   1 |  242.0 |
               +--------+--------+--------+--------+--------+-----+--------+

Top non-repeatable levels by time:
       D: 242 daAuts
